 Dungeon Crawl Stone Soup version 0.31-a0-263-ge8cad7f256 (webtiles) character file.

Game seed: 2342113817660756517

62 dolemite99 the Changeling (level 3, -1/11 HPs)
             Began as a Demonspawn Shapeshifter on July 14, 2023.
             Slain by an adder (4 damage)
             ... on level 3 of the Dungeon.
             The game lasted 00:01:34 (1897 turns).

dolemite99 the Changeling (Demonspawn Shapeshifter) Turns: 1897, Time: 00:01:34

Health: -1/11      AC:  0    Str: 17    XL:     3   Next: 85%
Magic:  3/3        EV: 12    Int:  9    God:
Gold:   174        SH:  0    Dex: 13    Spells: 2/2 levels left

rFire   . .          .
                       - Unarmed
rCold   . . .        (shield currently unavailable)
rNeg    . . .        l - +0 leather armour
rPois   .            (no helmet)
rElec   .            (no cloak)
rCorr   .            (gloves currently unavailable)
SInv    .            (no boots)
Will    .....        (no amulet)
Stlth   +            (no ring)
HPRegen 0.21/turn    (no ring)
MPRegen 0.08/turn

%: no passive effects
@: blade hands
A: reduced hp, powered by death 1
a: Begin Untransformation


You were on level 3 of the Dungeon.
You had blades for hands.
You visited 1 branch of the dungeon, and saw 3 of its levels.

You collected 174 gold pieces.

Inventory:

Hand Weapons
 i - a +4 short sword
Missiles
 g - 2 throwing nets
 h - 9 poisoned darts
Armour
 a - a +0 animal skin
 l - a +0 leather armour (worn)
Talismans
 c - a beast talisman
 o - a blade talisman
Scrolls
 d - 4 scrolls of identify {unknown}
 e - 2 scrolls of enchant armour {unknown}
 j - 3 scrolls of fog {unknown}
 k - a scroll of poison {unknown}
Potions
 b - 2 potions of lignification
 f - 2 potions of heal wounds {unknown}
 m - a potion of invisibility {unknown}
 n - a potion of resistance {unknown}


   Skills:
 - Level 2.1 Fighting
 - Level 1.9 Dodging
 * Level 3.1 Unarmed Combat
 + Level 3.1 Shapeshifting


You had 2 spell levels left.
You didn't know any spells.
Your spell library contained the following spells:

 Spells                   Type           Power      Damage    Failure   Level
 Static Discharge         Conj/Air       0%         2-2/arc   91%         2
 Airstrike                Air            0%         2d(0-16)  100%        4
 Summon Lightning Spire   Summ/Air       0%         N/A       100%        4


Dungeon Overview and Level Annotations

Branches:
Dungeon (3/15)

Altars:


Innate Abilities, Weirdness & Mutations

You have blades for hands.
Your maximum health is decreased, since you lack skill for your form.
Your spellcasting is less reliable in this form.
You are incapable of wielding weapons or throwing items.
You regenerate a little health from kills.


Message History

There is an open door here.
You now have 162 gold pieces (gained 6).
You now have 174 gold pieces (gained 12).
You open the door.
There is an open door here.
A dart slug comes into view.
Found a potion of lignification.
A frilled lizard comes into view.
Found a stone staircase leading up.
The dart slug launches a dart at you. The slug dart hits you.
You are too injured to fight recklessly!
You are too injured to fight recklessly!
You are too injured to fight recklessly!
You are too injured to fight recklessly!
You slash the dart slug!
The dart slug is almost dead.
The frilled lizard hisses angrily.
You hit the dart slug.
You kill the dart slug!
You see here a dart slug corpse.
A frilled lizard is nearby!
An adder comes into view.
The adder barely misses you. x2
You see here a potion of lignification.
The adder completely misses you.
There are no items here.
The adder bites you.
You see here a potion of lignification.
You are too injured to fight recklessly!
The adder attacks as you move away! The adder bites you. The adder misses you.
You are too injured to fight recklessly!
You barely miss the adder. The frilled lizard bites you. The adder misses you.
You closely miss the adder. The adder bites you.
* * * LOW HITPOINT WARNING * * *
The frilled lizard misses you.
You barely miss the adder. The adder misses you.
The frilled lizard barely misses you.
You barely miss the adder. The adder bites you.
You die...

....<# ### ###
.......##.. ..#
........#.## #.#
.............#.#
........#.#
.#.### .........#
....
.........####.#
#...†.l@S.#
##.######## ...
#.# ... #.# ..#
##'## ..###
##...## ....
##.....## #.##
##.......##
...####.........#


You could see an adder and a frilled lizard.

Vanquished Creatures
  An adder (D:3)
  A dart slug (D:3)
  9 ball pythons
  4 endoplasms
  6 giant cockroaches
  2 goblins
  3 hobgoblins (D:2)
  2 jackals (D:1)
  4 quokkas
  2 bats (D:2)
  2 frilled lizards
  2 kobolds
  7 rats (D:2)
45 creatures vanquished.

Notes
Turn   | Place    | Note
-------+----------+-------------------------------------------
     0 | D:1      | dolemite99 the Demonspawn Shapeshifter began the quest for
                  | the Orb.
     0 | D:1      | Reached XP level 1. HP: 16/16 MP: 1/1
   230 | D:1      | Gained mutation: You regenerate a little health from kills.
                  | [demonic ancestry]
   230 | D:1      | Reached XP level 2. HP: 19/22 MP: 2/2
   956 | D:2      | Reached XP level 3. HP: 14/27 MP: 3/3
  1897 | D:3      | Slain by an adder

Illustrated notes

Levels and vault maps discovered:
D:1:      onia_arrival_pyramid, layout_basic, serial_co_window_serial,
          co_window_of_opportunity_a, co_window_of_opportunity_a,
          co_window_corner_a, co_window_corner_a, co_window_paths_b,
          co_window_of_opportunity_a, co_window_cross_1, co_window_cross_1,
          co_window_of_opportunity_a, co_window_2corner, co_window_corner_b,
          co_window_paths_c, co_window_of_opportunity_c, glass_columns_a,
          glass_columns_a
D:2:      wander_river, layout_basic
D:3:      layout_loops_corners

Skill      XL: |  1  2  3 |
---------------+----------+-----
Unarmed Combat | 2 3 |  3.1
Shapeshifting  | 3 |  3.1
Fighting       | |  2.1
Dodging        | |  1.9

Action                     || total
---------------------------++-------
  Melee: Unarmed           ||   113
         Punch             ||     2
   Stab: Sleeping          ||     2
 Armour: Animal skin       ||    25
         Leather armour    ||     1
  Dodge: Dodged            ||    91
   Form: Blade             ||     1

Table legend: (Time is in decaauts)
 A = Elapsed time spent in this place.
 B = Non-inter-level travel time spent in this place.
 C = Inter-level travel time spent in this place.
 D = Time resting spent in this place.
 E = Time spent auto-exploring this place.
 F = Levels seen in this place.
 G = Mean time per level.
                   A        B        C        D        E       F      G
               +--------+--------+--------+--------+--------+-----+--------+
         Total |   1926 |   1847 |     79 |    173 |   1313 |   3 |  642.0 |
       Dungeon |   1926 |   1847 |     79 |    173 |   1313 |   3 |  642.0 |
               +--------+--------+--------+--------+--------+-----+--------+

Top non-repeatable levels by time:
     D:2: 968 daAuts
     D:1: 728 daAuts
     D:3: 229 daAuts
